 Dungeon Crawl Stone Soup version 0.24-a0-545-gd1b266b (webtiles) character file.

Game seed: 1091395766399331455

10901 Dorkslayer the Cleaver (level 11, 0/95 HPs)
             Began as a Minotaur Fighter on Aug 18, 2019.
             Was an Elder of the Shining One.
             Killed by divine providence
             ... invoked by an orc priest
              (14 damage)
             ... on level 1 of the Orcish Mines.
             The game lasted 00:49:00 (7815 turns).

Dorkslayer the Cleaver (Minotaur Fighter)           Turns: 7815, Time: 00:49:01

Health: 0/95       AC: 16    Str: 23    XL:     11   Next: 42%
Magic:  13/13      EV:  8    Int:  5    God:    the Shining One [****..]
Gold:   535        SH: 11    Dex: 11    Spells: 10/10 levels left

rFire    + . .     SeeInvis .   a - +2 war axe (chop)
rCold    + . .     Gourm    .   c - +0 shield
rNeg     + + .     Faith    .   p - +3 chain mail
rPois    +         Spirit   .   (helmet restricted)
rElec    +         Reflect  .   k - +0 cloak
rCorr    +         Harm     .   d - +0 pair of gloves
MR       .....                  (no boots)
Stlth    ..........             F - amulet of regeneration
HPRegen  0.65/turn              (no ring)
MPRegen  0.13/turn              (no ring)

@: resistant, glowing
A: retaliatory headbutt, horns 2
a: Divine Shield, Cleansing Flame, Renounce Religion


You were on level 1 of the Orcish Mines.
You worshipped the Shining One.
The Shining One was greatly pleased with you.
You were hungry.

You visited 3 branches of the dungeon, and saw 12 of its levels.
You also visited: Ossuary.

You collected 847 gold pieces.
You spent 312 gold pieces at shops.

Inventory:

Hand Weapons
 a - a +2 war axe of chopping (weapon)
 C - a +0 falchion of flaming
Missiles
 h - 2 throwing nets
 r - 24 boomerangs (quivered)
 s - 6 javelins
Armour
 c - a +0 shield (worn)
 d - a +0 pair of gloves (worn)
 k - a +0 cloak (worn)
 p - a +3 chain mail (worn)
Jewellery
 F - an amulet of regeneration (around neck)
Wands
 y - a wand of polymorph (14)
 z - a wand of scattershot (6)
Scrolls
 b - 2 scrolls of fear
 j - a scroll of blinking
 l - 8 scrolls of remove curse
 n - 7 scrolls of teleportation
 A - 3 scrolls of fog
 B - a scroll of immolation
 D - a scroll of enchant armour
Potions
 e - 2 potions of haste
 g - 2 potions of brilliance
 i - 7 potions of curing
 q - 2 potions of heal wounds
 u - 3 potions of cancellation
 v - 2 potions of flight
 w - 2 potions of invisibility
 x - a potion of agility
Comestibles
 f - 19 rations
 m - 13 chunks of flesh


   Skills:
 + Level 8.8 Fighting
 + Level 0.3 Long Blades
 + Level 13.1 Axes
 + Level 4.0 Throwing
 + Level 8.2 Armour
 + Level 3.7 Dodging
 + Level 8.9 Shields
 * Level 4.3 Invocations
 * Level 4.5 Evocations


You had 10 spell levels left.
You didn't know any spells.
Your spell library contained the following spells:

 Spells                   Type           Power        Failure   Level  Hunger
 Ice Form                 Ice/Tmut       #.......     100%        4    #####..
 Metabolic Englaciation   Hex/Ice        #.........   100%        5    ######.
 Bolt of Cold             Conj/Ice       #.........   100%        6    #######
 Freezing Cloud           Conj/Ice/Air   #.........   100%        6    #######
 Ozocubu's Refrigeration  Ice            #.........   100%        6    #######
 Simulacrum               Ice/Necr       #.........   100%        6    #######


Dungeon Overview and Level Annotations

Branches:
Dungeon (9/15)             Temple (1/1) D:7            Lair (0/6) D:9
    Orc (2/2) D:9             Elf (0/3) Orc:2

Altars:
Ashenzari
Cheibriados
Elyvilon
Fedhas
Hepliaklqana
Kikubaaqudgha
Nemelex Xobeh
Ru
Trog
Uskayaw
Xom
The Shining One

Shops:
D:5 ?}?!


Innate Abilities, Weirdness & Mutations

You reflexively headbutt those who attack you in melee.
You have a pair of horns on your head.


Message History

The orc explodes!
The fiery explosion engulfs you!!
The fiery explosion engulfs the orc warrior!
The orc warrior is heavily wounded.
The fiery explosion engulfs the orc!!
The orc explodes!
The fiery explosion engulfs the orc warrior!!
The orc warrior explodes!
The fiery explosion engulfs you!! x2
* * * LOW HITPOINT WARNING * * *
The fiery explosion engulfs you but does no damage.
You are engulfed in blazing flames.
The Shining One protects you from harm!
You hear a shout! x7
The orc priest hits you but does no damage.
You feel protected.
The orc high priest is engulfed in blazing flames.
The orc priest mumbles some strange prayers to Beogh against you.
Beogh smites you!
You die...

#..... ..... #...
# ####...$###.#..
..#.#%...#.#.....
.................
..........%...#..
.....%§§§§....%..
......§§§.....$..
......§§§@.......
..%..§§§§o.%.....
.....§o#§....%...
....§§)§.........
....§.o#.........
.%%....#.........
........#.%......
..... ###...#.##


You could see an orc high priest (inner flame), an orc priest (inner flame) and
an orc wizard.

Vanquished Creatures
  An orc warlord (Orc:1)
  An ettin (Orc:2)
  A hydra (D:8)
  2 trolls
  2 dream sheep (D:8)
  Grinder (D:5)
  2 hippogriffs
  2 yaks (D:8)
  Menkaure (D:4)
  3 wargs
  A water moccasin (D:8)
  Duvessa (D:6)
  2 sky beasts
  13 orc warriors
  2 ice beasts (D:6)
  5 ogres
  A phantom (D:6)
  5 centaurs
  4 big kobolds (D:8)
  3 bullfrogs
  A wyvern zombie (Ossuary)
  A water moccasin zombie (Ossuary)
  Dowan (D:6)
  3 scorpions
  11 killer bees (D:9)
  2 vampire bats (D:8)
  2 crimson imps
  A centaur zombie (D:8)
  6 bullfrog zombies (Ossuary)
  4 jellies
  12 orc priests
  A bullfrog skeleton (D:2)
  3 hounds
  A centaur skeleton (D:5)
  6 orc wizards
  5 iguanas
  10 worker ants
  2 killer bee zombies
  11 mummies (Ossuary)
  5 hound zombies
  A hound skeleton (D:5)
  3 worker ant zombies
  10 gnolls
  12 adders
  5 shadow imps
  An ooze (D:1)
  2 adder skeletons
  6 adder zombies
  A worm (D:3)
  2 dart slugs
  3 leopard geckos
  46 orcs
  4 bats
  2 bat skeletons (D:8)
  4 bat zombies (D:8)
  7 giant cockroaches
  11 hobgoblins
  5 jackals
  11 kobolds
  3 quokkas
  5 frilled lizards
  9 goblins
  A jackal skeleton (D:7)
  2 leopard gecko skeletons
  3 leopard gecko zombies (Ossuary)
  2 quokka zombies
  12 rats
314 creatures vanquished.

Vanquished Creatures (others)
  A withered plant (Ossuary)
1 creature vanquished.

Grand Total: 315 creatures vanquished

Notes
Turn   | Place    | Note
-------+----------+-------------------------------------------
     0 | D:1      | Dorkslayer the Minotaur Fighter began the quest for the
                  | Orb.
     0 | D:1      | Reached XP level 1. HP: 19/19 MP: 0/0
   335 | D:1      | Reached XP level 2. HP: 27/27 MP: 1/1
   808 | D:1      | You fall into a shaft and drop 1 floor!
   858 | D:2      | Reached XP level 3. HP: 30/33 MP: 2/2
   944 | D:2      | Reached skill level 3 in Axes
  1425 | D:2      | Reached XP level 4. HP: 40/40 MP: 3/3
  1614 | D:2      | Found a blossoming altar of Fedhas.
  1742 | D:2      | Reached skill level 4 in Axes
  1796 | D:2      | Found a hazy altar of Hepliaklqana.
  1989 | D:2      | Found a white marble altar of Elyvilon.
  1999 | D:2      | Became a worshipper of Elyvilon the Healer
  2300 | D:3      | Found a sacrificial altar of Ru.
  2375 | D:3      | Noticed an ogre
  2382 | D:3      | Killed an ogre
  2382 | D:3      | Reached skill level 5 in Axes
  2382 | D:3      | Reached XP level 5. HP: 19/47 MP: 4/4
  2862 | D:4      | Reached * piety under Elyvilon
  2892 | D:4      | Noticed Menkaure
  2897 | D:4      | Killed Menkaure
  2897 | D:4      | Reached skill level 1 in Dodging
  2897 | D:4      | Reached skill level 5 in Shields
  2897 | D:4      | Reached XP level 6. HP: 32/53 MP: 5/5
  2938 | D:4      | Reached skill level 6 in Axes
  3257 | D:4      | Reached skill level 5 in Armour
  3261 | D:4      | Reached XP level 7. HP: 60/60 MP: 6/6
  3578 | D:5      | Entered Level 5 of the Dungeon
  3682 | D:5      | Reached ** piety under Elyvilon
  3684 | D:5      | Found Dynohala's Gadget Shoppe.
  3684 | D:5      | Found Mapehoumn's Magic Scroll Boutique.
  3709 | D:5      | Bought a scroll of identify for 26 gold pieces
  3709 | D:5      | Bought a scroll of identify for 26 gold pieces
  3709 | D:5      | Bought a scroll of brand weapon for 260 gold pieces
  3781 | D:5      | Reached skill level 5 in Fighting
  3795 | D:5      | Reached skill level 7 in Axes
  3807 | D:5      | Found Ippaq's Magic Scroll Boutique.
  3909 | D:5      | Noticed Grinder
  3910 | D:5      | Paralysed by Grinder for 3 turns
  3932 | D:5      | Paralysed by Grinder for 5 turns
  3944 | D:5      | Killed Grinder
  3944 | D:5      | Reached XP level 8. HP: 67/68 MP: 7/7
  3992 | D:5      | Reached skill level 8 in Axes
  4036 | D:5      | Found Eteumefuss's Distillery.
  4242 | D:6      | Noticed a hippogriff
  4246 | D:6      | Reached skill level 1 in Throwing
  4255 | D:6      | Killed a hippogriff
  4343 | D:6      | Found a sand-covered staircase.
  4352 | Ossuary  | Entered an ossuary
  4369 | Ossuary  | Reached skill level 9 in Axes
  4479 | Ossuary  | Reached XP level 9. HP: 40/75 MP: 8/8
  4480 | Ossuary  | Reached skill level 10 in Axes
  4720 | D:6      | Reached *** piety under Elyvilon
  4966 | D:6      | Found a hide-covered altar of Uskayaw.
  5300 | D:6      | Noticed Dowan
  5301 | D:6      | Noticed Duvessa
  5311 | D:6      | Killed Duvessa
  5311 | D:6      | Reached skill level 11 in Axes
  5320 | D:6      | Killed Dowan
  5592 | D:7      | Found a shattered altar of Ashenzari.
  5872 | D:7      | Found a staircase to the Ecumenical Temple.
  5886 | Temple   | Entered the Ecumenical Temple
  5897 | Temple   | Fell from the grace of Elyvilon
  5897 | Temple   | Became a worshipper of the Shining One
  5897 | Temple   | Reached * piety under the Shining One
  5958 | D:7      | Reached ** piety under the Shining One
  5966 | D:7      | Found a sparkling altar of Nemelex Xobeh.
  6325 | D:8      | Reached skill level 1 in Invocations
  6350 | D:8      | Reached skill level 1 in Evocations
  6350 | D:8      | Reached XP level 10. HP: 77/86 MP: 9/9
  6397 | D:8      | Noticed a three-headed hydra
  6403 | D:8      | Killed a one-headed hydra
  6403 | D:8      | Reached skill level 12 in Axes
  6850 | D:8      | Reached *** piety under the Shining One
  6860 | D:8      | Found an ancient bone altar of Kikubaaqudgha.
  6980 | D:9      | Found a staircase to the Lair.
  7300 | D:9      | Found a staircase to the Orcish Mines.
  7397 | Orc:1    | Entered Level 1 of the Orcish Mines
  7639 | Orc:2    | Entered Level 2 of the Orcish Mines
  7639 | Orc:2    | Noticed an orc warlord
  7639 | Orc:2    | Reached **** piety under the Shining One
  7642 | Orc:2    | Noticed an ettin
  7648 | Orc:2    | Reached XP level 11. HP: 67/94 MP: 12/12
  7663 | Orc:1    | Killed an orc warlord
  7673 | Orc:2    | Killed an ettin
  7673 | Orc:2    | Reached skill level 13 in Axes
  7691 | Orc:2    | Found a staircase to the Elven Halls.
  7810 | Orc:1    | Noticed an orc high priest
  7813 | Orc:1    | The Shining One protects you from harm!
  7815 | Orc:1    | Killed from afar by an orc priest

Levels and vault maps discovered:
D:1:      dpeg_arrival_long_road, layout_loops_ring, st_stairs_5,
          roderic_lattice_a
D:2:      layout_loops_corners, lemuel_doored_altar,
          lemuel_coloured_pillars_altar, nicolae_overflow_crystal_walls,
          hangedman_decor_diamond_cutter
D:3:      layout_loops_ring, old_standard_altar, first_ration
D:4:      layout_basic, uniq_menkaure
D:5:      layout_rooms, serial_shops, kennysheep_little_box, shop, shop, shop,
          uniq_grinder
D:6:      layout_gridville, marbit_many_paths, enter_ossuary_1, uniq_duvessa
D:7:      layout_loops_ring, nemelex_xobeh_ov_fountains_minmay,
          ashenzari_altar_1, minmay_temple_entry_purple_smoke,
          corexii_leaking_fountain
D:8:      layout_rooms, kennysheep_vampire_church, hangedman_ranch
          [blue_anna_fruit_fields], chequers_garden, st_stairs_14
D:9:      layout_big_octagon, chequers_serial_rivers_micro_e
Temple:   nicolae_temple_great_sept
Orc:1:    layout_caves, nicolae_orc_lava_room, uniq_snorg, uniq_gastronok
Orc:2:    pf_orc_diabolical, layout_caves, basic_altar

Skill      XL: |  1  2  3  4  5  6  7  8  9 10 11 |
---------------+----------------------------------+-----
Fighting       | 4 5 7 8 |  8.8
Shields        | 4 5 6 7 8 |  8.9
Armour         | 4 5 6 7 8 |  8.2
Axes           | 3 5 6 7 9 11 12 13 | 13.1
Dodging        | 1 2 3 |  3.7
Throwing       | 1 3 4 |  4.0
Invocations    | 1 3 4 |  4.3
Evocations     | 1 3 4 |  4.5
Long Blades    | |  0.3

Action                   |  1- 3 |  4- 6 |  7- 9 | 10-12 || total
-------------------------+-------+-------+-------+-------++-------
Melee: War axe           |    87 |   114 |   331 |   157 ||   689
       Headbutt          |    10 |    23 |    63 |    24 ||   120
       Falchion          |       |       |       |     5 ||     5
Throw: Boomerang         |       |       |    30 |     9 ||    39
       Javelin           |       |       |     7 |     8 ||    15
Evoke: Wand              |       |       |       |     3 ||     3
  Use: Potion            |       |     1 |     2 |     7 ||    10
       Scroll            |       |     5 |    18 |     3 ||    26
  Eat: Chunk             |     2 |     2 |    11 |     4 ||    19
       Ration            |       |     1 |       |       ||     1
Armor: Scale mail        |    42 |       |       |       ||    42
       Chain mail        |       |    44 |   125 |    66 ||   235
Dodge: Dodged            |    26 |    18 |    70 |    55 ||   169
Block: Shield            |    51 |    58 |   135 |   101 ||   345

Table legend:
 A = Non-vault XP
 B = Vault XP
 C = Vault XP percentage of total XP
 D = Non-vault monster count
 E = Vault monster count
 F = Vault count percentage of total count
                 A         B        C        D         E       F
            +---------+---------+-------+---------+---------+-------
      Total |   11710 |    3864 |  24.8 |     254 |      60 |  19.1
            +---------+---------+-------+---------+---------+-------
        D:1 |      29 |       4 |  12.1 |      12 |       3 |  20.0
        D:2 |     125 |       0 |   0.0 |      30 |       0 |   0.0
        D:3 |     221 |       0 |   0.0 |      25 |       0 |   0.0
        D:4 |     259 |     172 |  39.9 |      13 |       1 |   7.1
        D:5 |     598 |     262 |  30.5 |      16 |       1 |   5.9
        D:6 |    1405 |     222 |  13.6 |      22 |       3 |  12.0
        D:7 |     728 |       0 |   0.0 |      23 |       0 |   0.0
        D:8 |    1157 |    2350 |  67.0 |      29 |      17 |  37.0
        D:9 |    1309 |       0 |   0.0 |      26 |       0 |   0.0
      Orc:1 |    3100 |       0 |   0.0 |      24 |       0 |   0.0
      Orc:2 |    2779 |       0 |   0.0 |      34 |       0 |   0.0
    Ossuary |       0 |     854 | 100.0 |       0 |      35 | 100.0
            +---------+---------+-------+---------+---------+-------
